 Dungeon Crawl Stone Soup version 0.30-a0-782-ge64f9170bb (webtiles) character file.

Game seed: 18059975238554786290

44662 theswoord the Severer (level 13, -5/106 HPs)
             Began as a Demonspawn Gladiator on Feb 22, 2023.
             Was a High Priest of Kikubaaqudgha.
             Slain by a lorocyproca (20 damage)
             ... on level 1 of the Abyss.
             The game lasted 00:30:13 (18082 turns).

theswoord the Severer (Demonspawn Gladiator)       Turns: 18082, Time: 00:30:13

Health: -5/106     AC: 11    Str: 20    XL:     13   Next: 97%
Magic:  1/13       EV: 13    Int: 10    God:    Kikubaaqudgha [*****.]
Gold:   996        SH:  0    Dex: 18    Spells: 2/12 levels left

rFire   . . .      SeeInvis .    G - +5 battleaxe
rCold   . . .      Faith    .    (shield currently unavailable)
rNeg    . . .      Spirit   .    z - +0 steam dragon scales
rPois   +          Reflect  .    c - +0 helmet
rElec   .          Harm     .    M - scarf {+Inv}
rCorr   .          Rampage  .    (no gloves)
Will    .....                    m - +0 pair of boots
Stlth   ++                       v - amulet of magic regeneration
HPRegen 0.37/turn                C - +6 ring of dexterity
MPRegen 0.53/turn                I - ring of poison resistance

@: hasted, very quick
A: ignite blood 1, spiny 2, sharp scales 2, weakness stinger 2, clumsy 1
a: Renounce Religion, Evoke Invisibility, Unearth Wretches, Torment


You were on level 1 of the Abyss.
You worshipped Kikubaaqudgha.
Kikubaaqudgha was extremely pleased with you.
You visited 3 branches of the dungeon, and saw 16 of its levels.
You visited the Abyss 1 time.

You collected 996 gold pieces.

Inventory:

Hand Weapons
 a - a +1 spectral war axe
 d - a +2 flail of protection
 i - a +0 whip
 s - a +5 whip
 y - the +8 mace of Cheibriados's Pride {venom, rPois}
   (You found it on level 7 of the Dungeon)

   rPois:     It protects you from poison.
 G - a +5 battleaxe (weapon)
Missiles
 e - a javelin
 H - 5 throwing nets
Armour
 b - a +0 leather armour
 c - a +0 helmet (worn)
 m - a +0 pair of boots (worn)
 z - +0 steam dragon scales (worn)
 M - a scarf of invisibility (worn)
Jewellery
 j - a ring of ice
 v - an amulet of magic regeneration (around neck)
 C - a +6 ring of dexterity (left hand)
 I - a ring of poison resistance (right hand)
 O - a ring of magical power
Wands
 o - a wand of mindburst (29)
 B - a wand of quicksilver (9)
 E - a wand of paralysis (13)
 F - a wand of roots (12)
 J - a wand of digging (7)
Scrolls
 n - 2 scrolls of immolation
 w - 4 scrolls of silence
 K - a scroll of vulnerability
 L - 4 scrolls of identify
 N - a scroll of fear
 P - a scroll of teleportation
Potions
 f - 5 potions of flight
 g - a potion of degeneration
 h - a potion of berserk rage
 k - 2 potions of mutation
 l - 2 potions of haste
 p - 2 potions of might
 q - 2 potions of brilliance
 r - a potion of resistance
 t - 4 potions of curing
 u - 2 potions of cancellation
 A - 3 potions of attraction
 D - a potion of magic


   Skills:
 + Level 11.4 Fighting
 + Level 15.7 Axes
 - Level 1.7 Throwing
 + Level 6.3 Armour
 - Level 2.6 Dodging
 + Level 13.2 Necromancy


You had 2 spell levels left.
You knew the following spells:

 Your Spells              Type           Power      Damage    Failure   Level
a - Animate Dead          Necr           26%        N/A       1%          4
b - Death Channel         Necr           13%        N/A       26%         6

Your spell library contained the following spells:

 Spells                   Type           Power      Damage    Failure   Level
 Necrotise                Necr           100%       1d9       1%          1
 Sublimation of Blood     Necr           26%        N/A       1%          2
 Cigotuvi's Dreadful Rot  Necr/Pois/Air  16%        N/A       10%         2
 Apportation              Tloc           0%         N/A       36%         1
 Shock                    Conj/Air       0%         1d3       36%         1
 Scorch                   Fire           0%         2d5       50%         2
 Static Discharge         Conj/Air       0%         2-2/arc   50%         2
 Vampiric Draining        Necr           26%        2d7       1%          3
 Dispel Undead            Necr           26%        3d13      1%          4
 Agony                    Necr           26%        N/A       4%          5
 Anguish                  Hex/Necr       6%         N/A       26%         4
 Borgnjor's Vile Clutch   Necr/Erth      6%         N/A       56%         5
 Swiftness                Air            0%         N/A       75%         3
 Vhi's Electric Charge    Tloc/Air       0%         N/A       75%         3
 Sticky Flame             Conj/Fire      0%         2d3       98%         4
 Simulacrum               Ice/Necr       6%         N/A       98%         6
 Alistair's Intoxication  Tmut/Pois      0%         N/A       100%        5
 Arcjolt                  Conj/Air       0%         1d10      100%        5
 Lightning Bolt           Conj/Air       0%         1d11      100%        5


Dungeon Overview and Level Annotations

Branches:
Dungeon (10/15)            Temple (1/1) D:6            Lair (5/5) D:10
 Shoals (0/4) Lair:2        Snake (0/4) Lair:3        Slime (0/5) Lair:5
    Orc (0/2) D:9

Altars:
Ashenzari
Cheibriados
Dithmenos
Fedhas
Gozag
Hepliaklqana
Kikubaaqudgha
Makhleb
Nemelex Xobeh
Okawaru
Qazlal
Ru
Sif Muna
Trog
Uskayaw
Vehumet
Wu Jian
Xom
Yredelemnul

Shops:
D:6 !:(   D:10 ::[=

Annotations:
Lair:2 2 runed translucent doors, exclusion: oklob plant, Quaruhoi's ghost, journeyman TrGl


Innate Abilities, Weirdness & Mutations

Your demonic aura sometimes causes spilled blood to erupt in flames.
You are mostly covered in sharp spines.
You are mostly covered in razor-sharp scales. (AC +2, Slay +2)
You have a tail ending in a sharp stinger.
You are clumsy. (Dex -2)


Message History

You closely miss the fire bat. The fire bat is struck by your spines.
You kill the fire bat!
Kikubaaqudgha accepts your kill. The fire bat is struck by your spines.
The fire bat completely misses you.
You slash the fire bat!
Your tail-slap misses the fire bat.
The fire bat is struck by your spines.
You kill the fire bat!
Kikubaaqudgha accepts your kill. The fire bat is struck by your spines.
You kill the fire bat!
Kikubaaqudgha accepts your kill.
No target in view!
Found a corrupted altar of Lugonu.
You hear a chilling moan.
Okay, then.
A small abomination comes into view.
The small abomination is struck by your spines.
The small abomination hits you.
You slash the small abomination!
A large abomination comes into view.
The small abomination closely misses you.
You slash the small abomination! You slash the small abomination!
You destroy the small abomination!
Kikubaaqudgha accepts your kill. Something hits you!
You feel your power leaking away.
Deactivating autopickup; reactivate with Ctrl-A.
You slash something! Something hits you!!
* * * LOW HITPOINT WARNING * * *
You feel your power leaking away.
You barely miss something. Something hits you!
* * * LOW HITPOINT WARNING * * *
You feel your power leaking away.
You feel yourself speed up. Something hits you!!
* * * LOW HITPOINT WARNING * * *
You feel better.
You closely miss something. You tail-slap something. Something hits you!!
You die...
Kikubaaqudgha rasps: "You have failed me!
Welcome... death!"

## .# #.###
#...# #...#
###.# ##
#○@#.# ## .
#{###.#. .
##.X# # #.#.
#.###.# ....
..#....#. ..
# #. .#...#
.. .
#....#..#..##
# #..###
.###.. .
##........#
###.#


You could see a large abomination.

Vanquished Creatures
  A deep elf sorcerer (Abyss:1)
  3 hydras
  Harold (D:9)
  A catoblepas (Lair:5)
  Erica (D:8)
  A two-headed ogre (D:8)
  3 thrashing horrors
  A sixfirhy (Abyss:1)
  Pikel (D:4)
  15 elephants
  Joseph (D:9)
  An apocalypse crab (Abyss:1)
  An orange demon (Abyss:1)
  5 black mambas
  6 cane toads
  A rime drake (Lair:2)
  7 komodo dragons
  4 ancient zymes
  2 polar bears
  20 blink frogs
  A snapping turtle (Lair:2)
  Sigmund (D:2)
  2 slime creatures (Lair:5)
  A wraith (D:8)
  12 yaks
  4 wyverns
  A ynoxinul (Lair:5)
  2 basilisks
  4 steam dragons
  A neqoxec (Abyss:1)
  3 fire bats (Abyss:1)
  4 vampire mosquitoes (D:10)
  Edmund (D:4)
  A chaos spawn (Lair:5)
  4 large abominations
  4 nagas (Lair:3)
  A cane toad zombie (Lair:5)
  26 water moccasins
  An ice beast (D:5)
  3 black bears
  A sky beast (D:7)
  8 orc warriors
  An ogre (D:5)
  An elephant zombie (Lair:5)
  6 wolves (Lair:3)
  4 centaurs
  8 small abominations
  A wyvern zombie (Lair:4)
  9 bullfrogs
  A gnoll sergeant (D:9)
  2 necrophages
  6 scorpions
  A water moccasin zombie (Lair:5)
  8 wights
  13 killer bees
  7 electric eels
  4 howler monkeys
  A crimson imp (D:6)
  A centaur zombie (D:10)
  3 jellies
  10 orc priests
  2 hounds (D:5)
  2 gnoll boudas
  5 iguanas
  7 orc wizards
  3 hell rats (Lair:5)
  3 hell rat zombies (Lair:5)
  18 gnolls
  9 adders
  2 white imps
  2 ufetubi
  4 worms
  2 dart slugs
  43 orcs
  6 endoplasms
  2 giant cockroaches (D:1)
  7 goblins
  8 hobgoblins
  17 jackals
  7 kobolds
  3 quokkas
  5 ball pythons
  A bat (D:2)
  4 frilled lizards
  4 rats
415 creatures vanquished.

Vanquished Creatures (collateral kills)
  A catoblepas (Lair:1)
  An alligator (shapeshifter) (Lair:5)
  A skyshark (Lair:4)
  2 elephants
  A cane toad (Lair:5)
  3 komodo dragons
  6 blink frogs
  2 basilisks
  2 water moccasins (Lair:4)
  A wolf (Lair:3)
  A small abomination (Lair:5)
  A killer bee (D:10)
  2 electric eels
  A hell rat (Lair:5)
  An adder (Lair:2)
  An orc (D:10)
27 creatures vanquished.

Vanquished Creatures (others)
  6 elephant zombies
  A wyvern zombie (Lair:4)
  4 yak zombies (Lair:3)
  A polar bear zombie (Lair:5)
  A wolf zombie (Lair:3)
  A bullfrog zombie (D:10)
  A hell rat zombie (Lair:5)
  70 fungi
  120 plants
205 creatures vanquished.

Grand Total: 647 creatures vanquished

Notes
Turn   | Place    | Note
-------+----------+-------------------------------------------
     0 | D:1      | theswoord the Demonspawn Gladiator began the quest for the
                  | Orb.
     0 | D:1      | Reached XP level 1. HP: 16/16 MP: 1/1
   118 | D:1      | Reached skill level 3 in Axes
   177 | D:1      | Gained mutation: You have a small tail. [demonic ancestry]
   177 | D:1      | Reached XP level 2. HP: 18/22 MP: 2/2
   676 | D:1      | Gained mutation: You are partially covered in razor-sharp
                  | scales. (AC +1, Slay +1) [demonic ancestry]
   676 | D:1      | Reached XP level 3. HP: 21/27 MP: 3/3
   680 | D:1      | Reached skill level 4 in Axes
  1468 | D:2      | Noticed Sigmund
  1486 | D:2      | Killed Sigmund
  1487 | D:2      | Reached skill level 5 in Axes
  1487 | D:2      | Reached XP level 4. HP: 12/33 MP: 4/4
  1487 | D:2      | Gained mutation: You have a tail ending in a sharp stinger.
                  | [demonic ancestry]
  1487 | D:2      | Reached XP level 5. HP: 14/38 MP: 5/5
  1899 | D:3      | Reached skill level 6 in Axes
  2102 | D:3      | Gained mutation: You are mostly covered in razor-sharp
                  | scales. (AC +2, Slay +2) [demonic ancestry]
  2102 | D:3      | Reached XP level 6. HP: 42/44 MP: 6/6
  2157 | D:3      | Identified the ring of the Tuna {Ice rElec rPois rN++
                  | Slay-6}
  2649 | D:4      | Reached skill level 7 in Axes
  2894 | D:4      | Noticed Edmund
  2904 | D:4      | Killed Edmund
  2905 | D:4      | Gained mutation: You are partially covered in sharp spines.
                  | [demonic ancestry]
  2905 | D:4      | Reached XP level 7. HP: 50/50 MP: 7/7
  3053 | D:4      | Reached skill level 8 in Axes
  3109 | D:4      | Noticed Pikel
  3121 | D:4      | Killed Pikel
  3122 | D:4      | Reached skill level 9 in Axes
  3122 | D:4      | Gained mutation: Your demonic aura sometimes causes spilled
                  | blood to erupt in flames. [demonic ancestry]
  3122 | D:4      | Reached XP level 8. HP: 17/56 MP: 8/8
  3442 | D:5      | Entered Level 5 of the Dungeon
  3472 | D:5      | Found a radiant altar of Vehumet.
  3619 | D:5      | Reached skill level 10 in Axes
  3742 | D:5      | Identified the +1 leather armour of Articulation {Drain Fly
                  | Int+4 Dex+3}
  4200 | D:6      | Reached skill level 11 in Axes
  4202 | D:6      | Reached XP level 9. HP: 60/61 MP: 9/9
  4387 | D:6      | Found Wuidd's Distillery.
  4889 | D:6      | Found Eggelatt's Weapon Shoppe.
  5004 | D:6      | Found Bawk's Book Shoppe.
  5025 | D:6      | Found a staircase to the Ecumenical Temple.
  5048 | D:6      | Found a shimmering altar of Xom.
  5049 | D:6      | Found a burning altar of Makhleb.
  5062 | Temple   | Entered the Ecumenical Temple
  5217 | Temple   | Became a worshipper of Kikubaaqudgha
  5265 | D:6      | Found a hazy altar of Hepliaklqana.
  5286 | D:6      | Reached skill level 1 in Necromancy
  5658 | D:7      | Identified the +8 mace of Cheibriados's Pride {venom,
                  | rPois}
  5915 | D:7      | Found an opulent altar of Gozag.
  6024 | D:7      | Reached skill level 12 in Axes
  6483 | D:7      | Reached skill level 5 in Necromancy
  6885 | D:8      | Noticed Erica
  6891 | D:8      | Killed Erica
  6892 | D:8      | Reached XP level 10. HP: 50/70 MP: 10/10
  6995 | D:8      | Reached * piety under Kikubaaqudgha
  6995 | D:8      | Received a gift from Kikubaaqudgha
  7357 | D:8      | Noticed a two-headed ogre
  7363 | D:8      | Killed a two-headed ogre
  7636 | D:8      | Found a shimmering blue altar of Sif Muna.
  7943 | D:9      | Noticed Harold
  7947 | D:9      | Killed Harold
  7951 | D:9      | Reached skill level 5 in Fighting
  8101 | D:9      | Reached skill level 13 in Axes
  8246 | D:9      | Reached ** piety under Kikubaaqudgha
  8300 | D:8      | Learned a level 4 spell: Animate Dead
  8534 | D:9      | Noticed Joseph
  8544 | D:9      | Killed Joseph
  8900 | D:9      | Found a staircase to the Orcish Mines.
  9053 | D:10     | Entered Level 10 of the Dungeon
  9078 | D:10     | Gained mutation: You are mostly covered in sharp spines.
                  | [demonic ancestry]
  9078 | D:10     | Reached XP level 11. HP: 81/81 MP: 11/11
  9100 | D:10     | Found a staircase to the Lair.
  9272 | D:10     | Reached *** piety under Kikubaaqudgha
  9272 | D:10     | Received a gift from Kikubaaqudgha
  9389 | D:10     | Found Roeger's Book Shoppe.
  9414 | D:10     | Found a shadowy altar of Dithmenos.
  9465 | D:10     | Found Joigint's Armour Shoppe.
  9484 | D:10     | Found Anorew's Jewellery Emporium.
  9806 | D:10     | Found a basalt altar of Yredelemnul.
  9827 | D:10     | Found Mihoor's Book Emporium.
  9986 | Lair:1   | Entered Level 1 of the Lair of Beasts
 10470 | Lair:1   | Reached **** piety under Kikubaaqudgha
 10627 | Lair:1   | Noticed a catoblepas
 10644 | Lair:1   | Killed a catoblepas
 10645 | Lair:1   | Reached skill level 14 in Axes
 10645 | Lair:1   | Reached skill level 10 in Necromancy
 11083 | Lair:1   | Got the Vellum of Combustive Nephomancy
 11292 | Lair:2   | Noticed an oklob plant
 11366 | Lair:2   | Found a large runed translucent door.
 11367 | Lair:2   | Found a large runed translucent door.
 11369 | Lair:2   | Noticed Quaruhoi's ghost (journeyman TrGl)
 11400 | Lair:2   | HP: 1/87 [elephant (4)]
 11403 | Lair:2   | Reached XP level 12. HP: 21/94 MP: 12/12
 11915 | Lair:2   | Noticed a seven-headed hydra
 11923 | Lair:2   | Killed a seven-headed hydra
 12209 | Lair:2   | Reached skill level 1 in Armour
 12214 | Lair:2   | Found the +8 whip "Snakebite" {venom, curare, rPois}
 12410 | Lair:2   | Found a staircase to the Shoals.
 13418 | Lair:3   | Learned a level 6 spell: Death Channel
 13537 | Lair:3   | Found a staircase to the Snake Pit.
 13983 | Lair:3   | Noticed a four-headed hydra
 13991 | Lair:3   | Killed a four-headed hydra
 14636 | Lair:4   | Reached skill level 10 in Fighting
 14649 | Lair:4   | Reached skill level 15 in Axes
 14649 | Lair:4   | Reached XP level 13. HP: 69/103 MP: 9/13
 15433 | Lair:5   | Entered Level 5 of the Lair of Beasts
 15677 | Lair:5   | Reached ***** piety under Kikubaaqudgha
 16151 | Lair:5   | Reached skill level 5 in Armour
 16265 | Lair:5   | Found a staircase to the Slime Pits.
 17353 | Abyss:1  | Cast into level 1 of the Abyss (spriggan)
 17451 | Abyss:1  | Found a corrupted altar of Lugonu.
 17457 | Abyss:1  | Found a corrupted altar of Lugonu.
 17457 | Abyss:1  | Found a corrupted altar of Lugonu.
 17691 | Abyss:1  | Noticed a deep elf sorcerer
 17698 | Abyss:1  | Killed a deep elf sorcerer
 17803 | Abyss:1  | Gained mutation: You are clumsy. (Dex -2) [a neqoxec]
 17834 | Abyss:1  | Noticed a revenant
 18042 | Abyss:1  | Found a corrupted altar of Lugonu.
 18080 | Abyss:1  | HP: 3/106 [something (23)]
 18082 | Abyss:1  | Slain by a lorocyproca

Skill      XL: |  1  2  3  4  5  6  7  8  9 10 11 12 13 |
---------------+----------------------------------------+-----
Axes           | 3 5 6 7 9 11 12 13 14 15 | 15.7
Necromancy     | 5 8 10 11 13 | 13.2
Fighting       | 3 6 8 10 11 | 11.4
Armour         | 3 6 |  6.3
Throwing       | |  1.7
Dodging        | |  2.6

Action                     |  1- 3 |  4- 6 |  7- 9 | 10-12 | 13-15 || total
---------------------------+-------+-------+-------+-------+-------++-------
  Melee: War axe           |    95 |    76 |   126 |   305 |   122 ||   724
         Tailslap          |    10 |    12 |    16 |    74 |    33 ||   145
         Punch             |       |       |     2 |     5 |     3 ||    10
         Mace              |       |       |       |     9 |       ||     9
         Battleaxe         |       |       |       |       |    60 ||    60
  Throw: Throwing net      |     2 |     1 |       |       |       ||     3
   Cast: Animate Dead      |       |       |       |     6 |     2 ||     8
         Death Channel     |       |       |       |       |     3 ||     3
    Use: Scroll            |     5 |     9 |     7 |     5 |     4 ||    30
         Potion            |     1 |       |     1 |     3 |     3 ||     8
   Stab: Held in net/web   |     1 |     1 |       |       |       ||     2
         Sleeping          |       |     2 |       |     3 |       ||     5
         Distracted        |       |     1 |     1 |     3 |     6 ||    11
 Armour: Leather armour    |    29 |    18 |    18 |       |       ||    65
         Steam dragon scal |       |       |     6 |    98 |    57 ||   161
  Dodge: Dodged            |    55 |    32 |    66 |   202 |   104 ||   459

Levels and vault maps discovered:
D:1:      dpeg_arrival_arbitrary_a, layout_basic
D:2:      layout_basic, uniq_sigmund
D:3:      layout_rooms
D:4:      layout_loops_corners, uniq_edmund, uniq_pikel
D:5:      layout_loops_ring, nicolae_vehumet_altar_sigil, dreamdust_gnoll_farm
D:6:      layout_basic, grunt_temple_overflow_champion_of_chaos,
          overflow_temple_1_default, minmay_temple_entry_glass, serial_shops,
          nicolae_inconvenience_store, nicolae_shop_crystal,
          nicolae_shop_bloodbath_and_beyond
D:7:      layout_loops_ring, nicolae_gozag_seed_capital, minmay_misc_feat_roman
D:8:      layout_gridville, led_sif_pool, uniq_erica
D:9:      layout_rooms, david_orc_4, uniq_harold, uniq_joseph
D:10:     layout_irregular_city, mainiacjoe_overflow_catwalk_spiral,
          due_lair_maze_entry_diamond, serial_shops, kennysheep_little_box,
          nicolae_shop_waterfront, nicolae_shop_stone, nicolae_shop_crystal,
          shop, chequers_serial_rivers_small_b
Temple:   eino_narrow_crystal_temple
Lair:1:   layout_chaotic_city, cheibrodos_lair_reptile_den, grunt_megastairs_3,
          infiniplex_staircase_pool
Lair:2:   minmay_guarded_unrand_snakebite, layout_loops_ring,
          minmay_shoals_entry_hut, ebering_ghost_disaster_area,
          serial_bayou_shore_b
Lair:3:   nzn_winding_woodlands_medium [nzn_winding_woodlands_5x5_perimeter,
          nzn_winding_woodlands_5x15_parted,
          nzn_winding_woodlands_5x5_open_star, nzn_winding_woodlands_hourglass,
          nzn_winding_woodlands_center_diamonds,
          nzn_winding_woodlands_5x5_default,
          nzn_winding_woodlands_5x5_checkerboard,
          nzn_winding_woodlands_5x15_split_checker,
          nzn_winding_woodlands_5x5_default], layout_cave_pods,
          minmay_snake_entry_guardpost_small, serial_bayou_lagoon_a
Lair:4:   beast_lair_carwin_large_2, layout_hall_layers, serial_bayou,
          serial_bayou_shore_a, serial_bayou_ford_a, serial_bayou_pond_d,
          serial_bayou_pond_a
Lair:5:   hellmonk_lair_end_abyssal_woods, layout_cave_shapes,
          minmay_slime_entry_pillars, grunt_megastairs_2
Abyss:1:  base: D:5, minivault_28, evilmike_abyss_exit_7, minivault_28
